 Dungeon Crawl Stone Soup version 0.24-a0-203-gf0bc1e9 (webtiles) character file.

Game seed: 11108900207632445362

1555 Ijustatesigmund the Cudgeler (level 8, -3/56 HPs)
             Began as an Octopode Fighter on Mar 27, 2019.
             Was a Follower of Cheibriados.
             Slain by a sky beast (4 damage)
             ... on level 6 of the Dungeon.
             The game lasted 00:13:07 (5449 turns).

Ijustatesigmund the Cudgeler (Octopode Fighter)     Turns: 5449, Time: 00:13:08

Health: -3/56      AC:  1    Str: 17      XL:     8   Next: 88%
Magic:  10/10      EV: 14    Int: 12      God:    Cheibriados [*.....]
Gold:   254        SH: 10    Dex: 15 (16) Spells: 7/7 levels left

rFire    + . .     SeeInvis .   a - +0 flail
rCold    + . .     Gourm    .   b - +0 shield {rC+ rF+}
rNeg     + . .     Faith    .   (helmet restricted)
rPois    .         Spirit   .   (no amulet)
rElec    .         Reflect  .   q - ring of positive energy
rCorr    .         Harm     .   (no ring)
MR       .....                  (no ring)
Stlth    ++........             (no ring)
HPRegen  0.18/turn              (no ring)
MPRegen  0.12/turn              (no ring)
                                (no ring)
                                (no ring)

@: flying, very slow
A: almost no armour, stealthy swim, amphibious, 8 rings, constrict 8, camouflage
1, gelatinous body 1
a: Bend Time, Renounce Religion


You were on level 6 of the Dungeon.
You worshipped Cheibriados.
Cheibriados was aware of your devotion.
You were not hungry.

You visited 2 branches of the dungeon, and saw 7 of its levels.

You collected 356 gold pieces.
You spent 102 gold pieces at shops.

Inventory:

Hand Weapons
 a - a +0 flail (weapon)
 l - a +0 mace of protection
Armour
 b - a +0 shield of resistance (worn)
Jewellery
 n - an uncursed ring of fire
 q - a ring of positive energy (left tentacle)
Wands
 i - a wand of scattershot (2)
 m - a wand of digging (3)
 o - a wand of iceblast (5)
Scrolls
 e - 3 scrolls of teleportation
Potions
 c - a potion of cancellation
 g - a potion of brilliance
 h - a potion of agility
 r - a potion of degeneration {unknown}
Comestibles
 d - 15 rations


   Skills:
 + Level 5.5 Fighting
 + Level 6.3 Maces & Flails
 + Level 5.5 Dodging
 + Level 5.5 Shields
 * Level 3.6 Invocations


You had 7 spell levels left.
You didn't know any spells.
Your spell library was empty.

Dungeon Overview and Level Annotations

Branches:
Dungeon (6/15)             Temple (1/1) D:5

Altars:
Ashenzari
Cheibriados
Dithmenos
Elyvilon
Fedhas
Gozag
Hepliaklqana
Kikubaaqudgha
Makhleb
Nemelex Xobeh
Okawaru
Qazlal
Ru
Sif Muna
Uskayaw
Vehumet
Wu Jian
Yredelemnul
Zin
The Shining One

Shops:
D:4 ?[(}!   D:5 (   D:6 (


Innate Abilities, Weirdness & Mutations

You cannot wear most types of armour.
You are very stealthy in the water. (Stealth+)
You are amphibious.
You can wear up to eight rings at the same time.
You can use your tentacles to constrict eight enemies at once.
Your skin changes colour to match your surroundings (Stealth+).
Your rubbery body absorbs attacks. (AC +1, EV +1)


Message History

Something shocks you.
You barely miss something. Something completely misses you.
You closely miss something. Something hits you.
* * * LOW HITPOINT WARNING * * *
Something shocks you.
* * * LOW HITPOINT WARNING * * *
You miss something. Something barely misses you.
You feel better. Something hits you.
* * * LOW HITPOINT WARNING * * *
Something shocks you.
* * * LOW HITPOINT WARNING * * *
It was a potion of flight.
You feel very buoyant.
You fly up into the air.
Something hits you.
* * * LOW HITPOINT WARNING * * *
Something shocks you.
* * * LOW HITPOINT WARNING * * *
You hit something but do no damage. You block something's attack.
Something hits you.
You die...

........# . ..#...###
..............
........#...............
........................
.#..........#...........
...#........# ..........
...#.......# ##.........
....##.....###..{.......
................@.......
#................##?....
#...#............# ...
.........(....#### #
.......#......#
........##....#
#........##...#
#.....[#####.###
##........#....##


There were no monsters in sight!

Vanquished Creatures
  Sigmund (D:4)
  2 sky beasts (D:6)
  An ogre (D:4)
  3 centaurs
  A howler monkey (D:4)
  3 crimson imps
  A bullfrog zombie (D:5)
  A quasit (D:6)
  3 hounds
  2 orc priests
  2 jellies
  A centaur skeleton (D:5)
  2 iguanas
  2 orc wizards (D:2)
  4 worker ants
  A hound skeleton (D:6)
  A howler monkey zombie (D:4)
  A worker ant zombie (D:2)
  9 adders
  An ooze (D:1)
  An adder skeleton (D:4)
  2 worms
  A dart slug (D:1)
  5 leopard geckos
  16 orcs
  A ball python (D:3)
  5 giant cockroaches
  6 goblins
  3 hobgoblins (D:2)
  17 jackals
  9 kobolds
  3 quokkas
  9 bats
  7 frilled lizards
  2 quokka skeletons
  9 rats
  A spectral orc (D:2)
139 creatures vanquished.

Notes
Turn   | Place    | Note
-------+----------+-------------------------------------------
     0 | D:1      | Ijustatesigmund the Octopode Fighter began the quest for
                  | the Orb.
     0 | D:1      | Reached XP level 1. HP: 16/16 MP: 1/1
    18 | D:1      | Reached XP level 2. HP: 10/21 MP: 2/2
   245 | D:1      | Reached skill level 3 in Maces & Flails
   491 | D:1      | Reached XP level 3. HP: 12/26 MP: 3/3
   890 | D:2      | Reached skill level 4 in Maces & Flails
   890 | D:2      | Reached XP level 4. HP: 25/31 MP: 4/4
  1020 | D:2      | Reached skill level 5 in Maces & Flails
  1020 | D:2      | Reached XP level 5. HP: 34/36 MP: 5/5
  1412 | D:2      | Found a deep blue altar of Sif Muna.
  1904 | D:2      | Found a basalt altar of Yredelemnul.
  2073 | D:3      | Found a basalt altar of Yredelemnul.
  2367 | D:3      | Reached XP level 6. HP: 26/42 MP: 6/6
  2606 | D:4      | Found Ziucyoqe's Distillery.
  2606 | D:4      | Noticed Sigmund
  3040 | D:4      | Found Cuen's Armour Shoppe.
  3070 | D:4      | Reached XP level 7. HP: 47/47 MP: 7/7
  3080 | D:4      | Found Malliry's Gadget Shoppe.
  3092 | D:4      | Bought a potion of curing for 42 gold pieces
  3104 | D:4      | Found Naujuik's Antique Weapon Boutique.
  3385 | D:4      | Killed Sigmund
  3486 | D:4      | Found Uduut's Magic Scroll Emporium.
  3491 | D:4      | Bought a scroll of identify for 20 gold pieces
  3491 | D:4      | Bought 2 scrolls of identify for 40 gold pieces
  3645 | D:5      | Entered Level 5 of the Dungeon
  3673 | D:5      | Found a staircase to the Ecumenical Temple.
  3704 | D:5      | Found a glowing golden altar of the Shining One.
  4029 | D:5      | Found a glowing golden altar of the Shining One.
  4103 | D:5      | Reached XP level 8. HP: 50/54 MP: 8/8
  4155 | D:5      | Reached skill level 5 in Dodging
  4170 | D:5      | Found Nastutoc's Weapon Shop.
  4201 | Temple   | Entered the Ecumenical Temple
  4344 | Temple   | Became a worshipper of Cheibriados the Contemplative
  4374 | D:5      | Reached skill level 5 in Shields
  4391 | D:5      | Found a hazy altar of Hepliaklqana.
  4418 | D:5      | Reached skill level 5 in Fighting
  4418 | D:5      | Reached skill level 1 in Invocations
  4710 | D:5      | Reached skill level 6 in Maces & Flails
  5359 | D:6      | Found Omoiterch's Weapon Boutique.
  5374 | D:6      | Reached * piety under Cheibriados
  5448 | D:6      | HP: 1/56 [something (5)]
  5449 | D:6      | Slain by a sky beast

Levels and vault maps discovered:
D:1:      scummos_arrival_simple_fountains, layout_basic
D:2:      cheibrodos_pilgrimage, layout_basic, overflow_temple_1_default,
          yredelemnul_forgotten_temple_becter, minmay_circle_x
D:3:      layout_rooms, first_ration, yredelemnul_altar_generic
D:4:      layout_basic, serial_shops, shop, shop, nicolae_shop_stone, shop,
          kennysheep_little_box, minivault_4, minmay_manual_mullet, uniq_sigmund
D:5:      layout_gridville, lemuel_round_altar, old_standard_altar,
          minmay_temple_entry_water_ring, serial_shops, nicolae_shop_stone,
          basic_altar
D:6:      layout_cave_pools, serial_shops, nicolae_shop_stone,
          minmay_fire_ice_demons
Temple:   regret_index_temple_sphere_string

Skill      XL: |  1  2  3  4  5  6  7  8 |
---------------+-------------------------+-----
Maces & Flails | 3 4 5 6 |  6.3
Dodging        | 4 5 |  5.5
Shields        | 4 5 |  5.5
Fighting       | 4 5 |  5.5
Invocations    | 3 |  3.6

Action                   |  1- 3 |  4- 6 |  7- 9 || total
-------------------------+-------+-------+-------++-------
Melee: Flail             |    43 |   158 |   137 ||   338
       Constrict         |    12 |    35 |    24 ||    71
       Tentacles         |     7 |    28 |    30 ||    65
Evoke: Wand              |       |       |     2 ||     2
  Use: Scroll            |       |     7 |     4 ||    11
       Potion            |       |     2 |     9 ||    11
 Stab: Sleeping          |     3 |     3 |     6 ||    12
  Eat: Chunk             |       |     7 |     4 ||    11
       Ration            |       |       |     1 ||     1
Armor: Skin              |     2 |    14 |     4 ||    20
Dodge: Dodged            |    21 |   126 |    75 ||   222
Block: Shield            |    19 |    98 |    74 ||   191

Table legend:
 A = Non-vault XP
 B = Vault XP
 C = Vault XP percentage of total XP
 D = Non-vault monster count
 E = Vault monster count
 F = Vault count percentage of total count
                 A         B        C        D         E       F
            +---------+---------+-------+---------+---------+-------
      Total |    1821 |     401 |  18.0 |     120 |      19 |  13.7
            +---------+---------+-------+---------+---------+-------
        D:1 |      45 |       0 |   0.0 |      23 |       0 |   0.0
        D:2 |      64 |     157 |  71.0 |      23 |      15 |  39.5
        D:3 |     105 |       0 |   0.0 |      19 |       0 |   0.0
        D:4 |     336 |     244 |  42.1 |      23 |       4 |  14.8
        D:5 |     516 |       0 |   0.0 |      15 |       0 |   0.0
        D:6 |     755 |       0 |   0.0 |      17 |       0 |   0.0
            +---------+---------+-------+---------+---------+-------
